 Dungeon Crawl Stone Soup version 0.28.0-53-g5a82cb258f (webtiles) character file.

Game seed: 2911820773555770131

1835 Bruhh the Fighter (level 9, -11/93 (101) HPs)
             Began as an Ogre Fighter on May 22, 2022.
             Was a Follower of the Shining One.
             Mangled by a hornet (15 damage)
             ... on level 7 of the Dungeon on May 24, 2022.
             The game lasted 00:09:24 (7098 turns).

Bruhh the Fighter (Ogre Fighter)                    Turns: 7098, Time: 00:09:24

HP:   -11/93 (101)  AC:  7    Str: 26    XL:     9   Next: 11%
MP:   13/13         EV:  8    Int:  9    God:    the Shining One [*.....]
Gold: 250           SH:  8    Dex:  8    Spells: 8/8 levels left

rFire   . . .      SeeInvis +   v - +5 spear
rCold   . . .      Faith    .   c - +0 kite shield
rNeg    . . .      Spirit   .   b - +0 robe
rPois   .          Reflect  .   (helmet restricted)
rElec   .          Harm     .   g - +2 cloak
rCorr   .          Rampage  .   (gloves unavailable)
Will    .....                   (boots unavailable)
Stlth   +.........              (no amulet)
HPRegen 0.25/turn               (no ring)
MPRegen 0.13/turn               (no ring)

@: flying, slowed, glowing, drained, very slow
A: large, unfitting armour, tough skin 1, see invisible, shaggy fur 1, evolution
1
a: Renounce Religion, Divine Shield


You were on level 7 of the Dungeon.
You worshipped the Shining One.
The Shining One was aware of your devotion.
You visited 1 branch of the dungeon, and saw 7 of its levels.

You collected 250 gold pieces.

Inventory:

Hand Weapons
 a - a +0 flail
 q - a +4 short sword of venom
 s - a +0 trident
 v - a +5 spear (weapon)
Missiles
 d - 5 curare-tipped darts
 f - 2 poisoned darts (quivered)
Armour
 b - a +0 robe (worn)
 c - a +0 kite shield (worn)
 g - a +2 cloak (worn)
Scrolls
 e - a scroll of torment {unknown}
 i - a scroll of amnesia
 k - 3 scrolls of enchant weapon {unknown}
 l - 3 scrolls of identify {unknown}
 m - a scroll of brand weapon {unknown}
 o - 4 scrolls of magic mapping {unknown}
 r - a scroll of vulnerability {unknown}
 t - a scroll of enchant armour {unknown}
Potions
 n - a potion of curing {unknown}
 p - a potion of degeneration {unknown}


   Skills:
 - Level 10.0 Fighting
 - Level 1.7 Maces & Flails
 - Level 2.6 Dodging
 + Level 7.1 Shields
 - Level 6.0 Invocations


You had 8 spell levels left.
You didn't know any spells.
Your spell library contained the following spells:

 Spells                   Type           Power      Damage    Failure   Level
 Foxfire                  Conj/Fire      0%         2x1d4     63%         1
 Conjure Flame            Conj/Fire      0%         6-21      94%         3
 Inner Flame              Hex/Fire       0%         N/A       94%         3
 Stone Arrow              Conj/Erth      0%         3d7       94%         3
 Summon Guardian Golem    Hex/Summ       0%         N/A       94%         3
 Animate Armour           Summ/Erth      0%         N/A       100%        4
 Flame Wave               Conj/Fire      0%         2d4       100%        4
 Orb of Destruction       Conj           0%         9d5       100%        7
 Spellforged Servitor     Conj/Summ      0%         N/A       100%        7
 Lehudib's Crystal Spear  Conj/Erth      0%         10d2      100%        8


Dungeon Overview and Level Annotations

Branches:
Dungeon (7/15)             Temple (0/1) D:5

Altars:
Elyvilon
Sif Muna
The Shining One

Shops:
D:1 =


Innate Abilities, Weirdness & Mutations

You are too large for most types of armour.
You have tough skin. (AC +1)
You have supernaturally acute eyesight. (SInv)
You are covered in fur. (AC +1)
You have hidden genetic potential.


Message History

v - a +5 spear (weapon)
Okay, then.
As you read the scroll labelled KULAHEK IKYAP, it crumbles to dust.
It is a scroll of amnesia.
You feel forgetful for a moment.
It was a potion of flight.
You feel very buoyant.
You fly up into the air.
The hornet stings you!
You feel yourself slow down.
You hit the hornet.
The hornet is lightly wounded.
You feel yourself speed up. The hornet stings you!
You suddenly lose the ability to move!
The hornet stings you!
You feel yourself slow down. The hornet stings you.
* * * LOW HITPOINT WARNING * * *
You feel as though you will be slow longer.
The hornet stings you!
* * * LOW HITPOINT WARNING * * *
You feel as though you will be slow longer.
The hornet barely misses you. The hornet stings you!
* * * LOW HITPOINT WARNING * * *
You feel as though you will be slow longer.
You can move again.
You feel much better. The hornet stings you!
* * * LOW HITPOINT WARNING * * *
You feel as though you will be slow longer.
The hornet barely misses you.
You closely miss the hornet.
The hornet is lightly wounded.
You block the hornet's attack. The hornet stings you!
* * * LOW HITPOINT WARNING * * *
You feel as though you will be slow longer.
The hornet stings you!
* * * LOW HITPOINT WARNING * * *
You feel as though you will be slow longer.
It was a potion of mutation.
You feel extremely strange. Fur sprouts all over your body.
You feel a hidden potential growing inside you.
Your vision sharpens.
The hornet completely misses you. The hornet stings you!
You die...

#.....# . #.....# .)
#.....# ... #.....#
....####.....#+#####
#..........###.....#
#..........#......#
#.....y@>>.'..<...#
#..........#.##..##
#....#+#####.##..#
#... ......<# #..
........# .#
##+###..## #..# ....
.#


You could see a hornet.

Vanquished Creatures
  A water moccasin (D:6)
  3 ogres (D:6)
  A sky beast (D:6)
  A necrophage (D:6)
  2 centaurs (D:5)
  A bullfrog (D:5)
  4 scorpions
  3 wights
  2 electric eels (D:6)
  A bullfrog zombie (D:6)
  3 hounds (D:6)
  An orc priest (D:6)
  Jessica (D:3)
  Natasha (thrice) (D:2)
  2 centaur skeletons
  An iguana (D:4)
  7 orc wizards
  3 adders
  2 white imps (D:5)
  2 worms
  7 dart slugs
  12 orcs
  6 ball pythons
  4 endoplasms
  4 giant cockroaches
  3 goblins
  4 hobgoblins
  3 jackals (D:1)
  A quokka (D:2)
  3 bats
  2 frilled lizards
  8 kobolds
  9 rats
110 creatures vanquished.

Vanquished Creatures (others)
  10 plants (D:6)
10 creatures vanquished.

Grand Total: 120 creatures vanquished

Notes
Turn   | Place    | Note
-------+----------+-------------------------------------------
     0 | D:1      | Bruhh the Ogre Fighter began the quest for the Orb.
     0 | D:1      | Reached XP level 1. HP: 24/24 MP: 1/1
   341 | D:1      | Reached XP level 2. HP: 25/33 MP: 2/2
   450 | D:1      | Found Sulloidor's Jewellery Emporium.
   461 | D:1      | Reached skill level 5 in Fighting
   927 | D:1      | Reached XP level 3. HP: 42/42 MP: 3/3
  1429 | D:2      | Noticed Natasha
  1434 | D:2      | Killed Natasha
  1435 | D:2      | Reached skill level 6 in Fighting
  1435 | D:2      | Reached XP level 4. HP: 32/53 MP: 4/4
  1464 | D:2      | Noticed Natasha
  1804 | D:2      | Killed Natasha
  1811 | D:2      | Noticed Natasha
  1819 | D:2      | Killed Natasha
  1820 | D:2      | Reached skill level 7 in Fighting
  1933 | D:2      | Reached XP level 5. HP: 62/62 MP: 5/5
  1983 | D:2      | Found a faded altar of an unknown god.
  2389 | D:2      | Found a glowing golden altar of the Shining One.
  2494 | D:2      | Became a worshipper of the Shining One
  2660 | D:3      | Noticed Jessica
  2664 | D:3      | Killed Jessica
  2844 | D:3      | Reached skill level 8 in Fighting
  3701 | D:4      | Reached XP level 6. HP: 69/74 MP: 6/6
  3713 | D:4      | Reached skill level 9 in Fighting
  4000 | D:5      | Entered Level 5 of the Dungeon
  4049 | D:5      | HP: 2/76 [centaur/arrow (9)]
  4057 | D:5      | Reached skill level 10 in Fighting
  4057 | D:5      | Reached skill level 1 in Invocations
  4057 | D:5      | Reached XP level 7. HP: 14/85 MP: 6/8
  4371 | D:5      | Found a staircase to the Ecumenical Temple.
  4738 | D:6      | Reached * piety under the Shining One
  5329 | D:6      | Reached XP level 8. HP: 93/93 MP: 10/10
  5479 | D:6      | Reached skill level 5 in Shields
  5570 | D:6      | Reached skill level 5 in Invocations
  5897 | D:6      | Identified the +0 leather armour of Wuwkejah {rElec Regen+
                  | Dex+4}
  6099 | D:6      | Found a white marble altar of Elyvilon.
  6364 | D:6      | Reached XP level 9. HP: 84/101 MP: 13/13
  6487 | D:6      | Found a shimmering blue altar of Sif Muna.
  7088 | D:7      | Noticed a hornet
  7093 | D:7      | Paralysed by a hornet for 3 turns
  7095 | D:7      | HP: 3/93 [hornet (10)]
  7098 | D:7      | Gained mutation: You are covered in fur. (AC +1) [potion of
                  | mutation]
  7098 | D:7      | Gained mutation: You have hidden genetic potential. [potion
                  | of mutation]
  7098 | D:7      | Gained mutation: You have supernaturally acute eyesight.
                  | (SInv) [potion of mutation]
  7098 | D:7      | Mangled by a hornet

Illustrated notes

Levels and vault maps discovered:
D:1:      amcnicky_arrival_blooded_trapdoor, layout_basic, serial_shops, shop,
          minivault_11
D:2:      layout_loops_cross, basic_altar, ebering_ecumenical_altar_abandoned,
          chequers_serial_rivers_micro_d, feat_on_display, uniq_natasha
D:3:      layout_basic, minmay_misc_feat_ornament, minmay_misc_feat_five,
          kennysheep_generic_room_8, uniq_jessica
D:4:      layout_loops_ring
D:5:      layout_rooms, minmay_temple_entry_offerings
D:6:      layout_gridville, minitemple, minmay_misc_feat_chi,
          serial_bayou_lake_a
D:7:      layout_gridville, slow_altar_1, st_stairs_12

Skill      XL: |  1  2  3  4  5  6  7  8  9 |
---------------+----------------------------+-----
Fighting       | 5 6 7 8 10 | 10.0
Shields        | 3 4 6 7 |  7.1
Invocations    | 1 3 6 |  6.0
Maces & Flails | |  1.7
Dodging        | |  2.6

Action                   |  1- 3 |  4- 6 |  7- 9 || total
-------------------------+-------+-------+-------++-------
Melee: Flail             |    87 |   146 |       ||   233
       Short sword       |       |    10 |   112 ||   122
       Trident           |       |       |    36 ||    36
       Spear             |       |       |     2 ||     2
Evoke: Wand              |       |       |     4 ||     4
  Use: Potion            |       |     2 |     3 ||     5
       Scroll            |       |       |     1 ||     1
Armor: Robe              |    32 |    62 |    61 ||   155
Dodge: Dodged            |    41 |    67 |    61 ||   169
Block: Kite shield       |    34 |    73 |    64 ||   171
